 Dungeon Crawl Stone Soup version bcrawl-1.37.1 (webtiles) character file.

Game seed: 11747399171222889083

39602 Aibolit the Grave Robber (level 3, 26/26 HPs)
             Began as a Sand Dwarf Necromancer on Sept 26, 2022.
             Starved to death
             ... on level 1 of the Dungeon on Oct 7, 2022.
             The game lasted 00:04:00 (4931 turns).

Aibolit the Grave Robber (Sand Dwarf Necromancer)   Turns: 4931, Time: 00:04:01

Health: 26/26      AC:  3    Str: 12    XL:     3   Next: 31%
Magic:  6/6        EV: 17    Int: 16    God:
Gold:   27         SH:  4    Dex: 11    Spells: 5/6 levels left

rFire    . . .     GDR:     23% a - +0 dagger (pain)
rCold    . . .     SeeInvis .   h - +0 buckler
rNeg     . . .     Gourm    .   b - +0 robe
rPois    .         Faith    .   (no helmet)
rElec    .         Spirit   .   g - +0 cloak
rCorr    .         Reflect  .   (no gloves)
MR       .....                  (no boots)
Stlth    ++........             (no amulet)
HPRegen  0.14/turn              f - +5 ring of evasion
MPRegen  0.10/turn              (no ring)

@: fainting, slow
A: small, slowness 1, armour attunement
a: no special abilities


You were on level 1 of the Dungeon.
You were fainting.

You visited 1 branch of the dungeon, and saw 1 of its levels.

You collected 27 gold pieces.

Inventory:

Hand Weapons
 a - a +0 dagger of pain (weapon)
Armour
 b - a +0 robe (worn)
 g - a +0 cloak (worn)
 h - a +0 buckler (worn)
Jewellery
 f - a +5 ring of evasion (left hand)
Scrolls
 i - a scroll of teleportation {unknown}
Potions
 c - 2 potions of degeneration {unknown}


   Skills:
 + Level 0.2 Fighting
 + Level 0.3 Short Blades
 + Level 1.7 Dodging
 + Level 1.5 Stealth
 + Level 2.0 Spellcasting
 + Level 4.8 Necromancy


You had 5 spell levels left.
You knew the following spells:

 Your Spells              Type           Power        Failure   Level  Hunger
a - Necrotize             Necr           ###...       12%         1    None

Your spell library contained the following spells:

 Spells                   Type           Power        Failure   Level  Hunger
 Vampiric Draining        Necr           ###.......   34%         3    ####...
 Agony                    Necr           ###.....     75%         4    ######.
 Animate Dead             Necr           N/A          75%         4    ######.
 Dispel Undead            Necr           ###.....     97%         5    #######


Dungeon Overview and Level Annotations

Branches:
Dungeon (1/12)

Altars:


Innate Abilities, Weirdness & Mutations

You are small and have problems with some larger weapons.
You cover ground slowly.
Armour does not affect your spellcasting.


Message History

You're too hungry to rest.
You're too hungry to rest.
You're too hungry to rest.
You're too hungry to rest.
You're too hungry to rest.
You're too hungry to rest.
You're too hungry to rest.
You're too hungry to rest.
You are fainting from starvation!
You lose consciousness!
You can move again.
You lose consciousness!
You can move again.
There is an open door here.
There is an open door here.
There is an open door here.
You lose consciousness!
You can move again.
You have starved to death.
You die...

#...................#
#########.................>.#
......[.....................#
............................#
...).....####'##............#
.........# #.############'##
.........# #.##.....#####.#
.........####..............#
............'...@..........#
....#'#######...#..........#
....#.#######...#..........#
............#...#..........#
##....#####.#.###..........#
..).......#.#.# #..........#
#...#...#.#'#.# #..........#
....#...#.....# #..........#
........#.....# #..........#


There were no monsters in sight!

Vanquished Creatures
  An ooze (D:1)
  A dart slug (D:1)
  4 leopard geckos (D:1)
  2 giant cockroaches (D:1)
  5 goblins (D:1)
  2 hobgoblins (D:1)
  A jackal (D:1)
  3 bats (D:1)
  A frilled lizard (D:1)
  5 rats (D:1)
25 creatures vanquished.

Notes
Turn   | Place    | Note
-------+----------+-------------------------------------------
     0 | D:1      | Aibolit the Sand Dwarf Necromancer began the quest for the
                  | Orb.
     0 | D:1      | Reached XP level 1. HP: 14/14 MP: 3/3
    40 | D:1      | Upgraded the game from bcrawl-1.37 to bcrawl-1.37.1
   553 | D:1      | Reached XP level 2. HP: 20/20 MP: 5/5
   809 | D:1      | Reached XP level 3. HP: 26/26 MP: 6/6
  4819 | D:1      | Paralysed by fainting for 8 turns
  4833 | D:1      | Paralysed by fainting for 12 turns
  4915 | D:1      | Paralysed by fainting for 12 turns
  4931 | D:1      | Starved to death

Action                   || total
-------------------------++-------
Melee: Dagger            ||    67
 Stab: Sleeping          ||     1
  Eat: Chunk             ||     3
       Ration            ||     2
Armor: Robe              ||    15
Dodge: Dodged            ||    45
Block: Buckler           ||     5
